 Dungeon Crawl Stone Soup version 0.28-a0-1629-gf728b707aa (webtiles) character file.

Game seed: 77594792348247952

1474 parzival7114810 the Cleaver (level 8, -1/71 HPs)
             Began as a Hill Orc Fighter on Jan 21, 2022.
             Was a Follower of Beogh.
             Slain by a gnoll (7 damage)
             ... on level 7 of the Dungeon on Jan 24, 2022.
             The game lasted 00:13:43 (9746 turns).

parzival7114810 the Cleaver (Hill Orc Fighter)      Turns: 9746, Time: 00:13:43

Health: -1/71      AC: 11    Str: 21    XL:     8   Next: 78%
Magic:  0/8        EV:  6    Int:  6    God:    Beogh [*.....]
Gold:   293        SH:  9    Dex: 10    Spells: 7/7 levels left

rFire   . . .      SeeInvis .   a - +0 war axe
rCold   . . .      Faith    .   f - +0 kite shield
rNeg    . . .      Spirit   +   g - +0 chain mail
rPois   .          Reflect  .   (no helmet)
rElec   .          Harm     .   (no cloak)
rCorr   .          Rampage  .   (no gloves)
Will    .....                   m - +0 pair of boots
Stlth   ..........              l - amulet of guardian spirit
HPRegen 0.21/turn               h - +4 ring of protection
MPRegen 0.11/turn               (no ring)

@: lit by a corona, about to teleport, glowing
A: deformed body, dopey 1
a: Renounce Religion


You were on level 7 of the Dungeon.
You worshipped Beogh.
Beogh was aware of your devotion.
You visited 1 branch of the dungeon, and saw 7 of its levels.

You collected 293 gold pieces.

Inventory:

Hand Weapons
 a - a +0 war axe (weapon)
Armour
 b - a +0 scale mail
 c - a +0 buckler
 f - a +0 kite shield (worn)
 g - a +0 chain mail (worn)
 m - a +0 pair of boots (worn)
Jewellery
 d - a ring of positive energy
 h - a +4 ring of protection (left hand)
 l - an amulet of guardian spirit (around neck)
Wands
 u - a wand of polymorph (6)
Scrolls
 e - 3 scrolls of identify
 j - 2 scrolls of fear
 q - a scroll of fog
 t - a scroll of vulnerability
Potions
 i - a potion of attraction
 k - 2 potions of magic
 n - a potion of might
 p - a potion of flight
 r - 2 potions of brilliance
 s - 2 potions of curing


   Skills:
 + Level 6.6 Fighting
 + Level 9.2 Axes
 + Level 6.0 Armour
 + Level 1.7 Dodging
 + Level 0.3 Stealth
 + Level 5.5 Shields


You had 7 spell levels left.
You didn't know any spells.
Your spell library contained the following spells:

 Spells                   Type           Power      Damage    Failure   Level
 Animate Skeleton         Necr           0%         N/A       100%        1
 Apportation              Tloc           0%         N/A       100%        1
 Summon Small Mammal      Summ           0%         N/A       100%        1
 Ensorcelled Hibernation  Hex/Ice        0%         N/A       100%        2
 Passwall                 Tmut/Erth      0%         N/A       100%        2
 Confusing Touch          Hex            0%         N/A       100%        3
 Gell's Gravitas          Tloc           0%         N/A       100%        3
 Lesser Beckoning         Tloc           0%         N/A       100%        3
 Swiftness                Air            0%         N/A       100%        3
 Teleport Other           Tloc           0%         N/A       100%        3
 Summon Ice Beast         Ice/Summ       0%         N/A       100%        4
 Alistair's Intoxication  Tmut/Pois      0%         N/A       100%        5
 Summon Mana Viper        Hex/Summ       0%         N/A       100%        5
 Yara's Violent Unravell  Hex/Tmut       0%         3d3       100%        5
 Enfeeble                 Hex            0%         N/A       100%        7
 Monstrous Menagerie      Summ           0%         N/A       100%        7


Dungeon Overview and Level Annotations

Branches:
Dungeon (7/15)             Temple (0/1) D:5

Altars:
Okawaru

Annotations:
D:4 1 runed translucent door, Crazy Yiuf, Menkaure


Innate Abilities, Weirdness & Mutations

Armour fits poorly on your strangely shaped body.
You are dopey. (Int -2)


Message History

Beogh accepts your kill.
You barely miss the gnoll. You slash the gnoll! x2
You closely miss the gnoll. You block the centaur zombie's attack.
The centaur zombie kicks you but does no damage.
The gnoll hits you with a +0 halberd. The gnoll hits you but does no damage.
The gnoll hits you with a +0 spear. The gnoll hits you with a +0 halberd.
You barely miss the gnoll.
The gnoll is severely wounded.
You slash the gnoll! You hit the centaur zombie. You barely miss the gnoll. x2
The centaur zombie hits you but does no damage.
The centaur zombie kicks you but does no damage.
You block the gnoll's attack. The gnoll hits you but does no damage.
You block the gnoll's attack. The gnoll hits you with a +0 halberd!
The centaur zombie hits you but does no damage.
The centaur zombie closely misses you. The gnoll hits you but does no damage.
The gnoll hits you with a +0 whip.
As you read the scroll of teleportation, it crumbles to dust.
You feel strangely unstable. You block the gnoll's attack.
You block the centaur zombie's attack.
The centaur zombie kicks you but does no damage.
The gnoll hits you with a +0 halberd.
* * * LOW HITPOINT WARNING * * *
The gnoll hits you but does no damage. You block the gnoll's attack.
You barely miss the gnoll.
The gnoll is almost dead.
You completely miss the gnoll. You slash the gnoll!
You kill the gnoll!
Beogh accepts your kill.
You hit the centaur zombie but do no damage.
You slash the gnoll! You block the centaur zombie's attack.
The centaur zombie barely misses you. The gnoll hits you with a +0 halberd.
* * * LOW HITPOINT WARNING * * *
The centaur zombie hits you but does no damage.
The centaur zombie kicks you but does no damage.
The gnoll hits you with a +0 halberd!
* * * LOW HITPOINT WARNING * * *
The gnoll hits you with a +0 whip.
* * * LOW HITPOINT WARNING * * *
The gnoll hits you with a +0 halberd!
You die...

##+#######...
#..........#
#..........#
#..........#
#....<.....#
+..........#
#..........#
........)Z)..#
...###+#g@g..#
.. +.g...# .
#.....#
#.....#
#.....#
.....## .....#
......#


You could see 3 gnolls and a centaur zombie.

Vanquished Creatures
  A wyvern (D:5)
  A hornet zombie (D:6)
  An ice beast (D:3)
  A sky beast (D:6)
  A necrophage (D:3)
  2 centaurs
  A phantom (D:5)
  Blork the orc (D:4)
  A centaur zombie (D:5)
  4 hounds
  2 gnoll shamans
  A jelly (D:5)
  3 orc priests
  5 iguanas
  An orc wizard (D:5)
  8 gnolls
  5 adders
  2 white imps
  An adder zombie (D:5)
  A dart slug (D:2)
  8 orcs (D:5)
  5 ball pythons
  7 endoplasms
  A giant cockroach (D:2)
  8 hobgoblins
  6 jackals (D:2)
  5 quokkas
  2 bats
  9 frilled lizards
  5 goblins
  2 kobolds
  3 rats
104 creatures vanquished.

Vanquished Creatures (others)
  8 plants (D:4)
8 creatures vanquished.

Grand Total: 112 creatures vanquished

Notes
Turn   | Place    | Note
-------+----------+-------------------------------------------
     0 | D:1      | parzival7114810 the Hill Orc Fighter began the quest for
                  | the Orb.
     0 | D:1      | Reached XP level 1. HP: 19/19 MP: 1/1
   205 | D:1      | Reached skill level 3 in Axes
   222 | D:1      | Reached XP level 2. HP: 21/27 MP: 2/2
  1056 | D:2      | Reached XP level 3. HP: 21/33 MP: 3/3
  2207 | D:2      | Reached XP level 4. HP: 31/40 MP: 4/4
  2699 | D:2      | Found a faded altar of an unknown god.
  2871 | D:3      | Noticed a necrophage
  2891 | D:3      | Killed a necrophage
  2892 | D:3      | Reached skill level 4 in Axes
  2892 | D:3      | Reached XP level 5. HP: 42/47 MP: 5/5
  3022 | D:3      | Noticed an ice beast
  3057 | D:3      | Killed an ice beast
  3058 | D:3      | Reached skill level 5 in Axes
  3058 | D:3      | Reached XP level 6. HP: 36/53 MP: 6/6
  3688 | D:3      | Became a worshipper of Beogh the Brigand
  3828 | D:3      | Gained mutation: Armour fits poorly on your strangely
                  | shaped body. [potion of mutation]
  3828 | D:3      | Gained mutation: You are weak. (Str -2) [potion of
                  | mutation]
  3831 | D:3      | Lost mutation: Armour fits poorly on your strangely shaped
                  | body. [potion of mutation]
  3831 | D:3      | Lost mutation: You are weak. (Str -2) [potion of mutation]
  3831 | D:3      | Gained mutation: You are partially covered in iridescent
                  | scales. (AC +2) [potion of mutation]
  3831 | D:3      | Gained mutation: You expend magic power (3 MP) to
                  | strengthen your wands. [potion of mutation]
  3831 | D:3      | Gained mutation: You are mostly covered in iridescent
                  | scales. (AC +4) [potion of mutation]
  3832 | D:3      | Upgraded the game from 0.28-a0-1613-gdaab1c2f9b to
                  | 0.28-a0-1629-gf728b707aa
  3882 | D:4      | Lost mutation: You are mostly covered in iridescent scales.
                  | (AC +4) [potion of mutation]
  3882 | D:4      | Lost mutation: You expend magic power (3 MP) to strengthen
                  | your wands. [potion of mutation]
  3882 | D:4      | Gained mutation: You are dopey. (Int -2) [potion of
                  | mutation]
  3947 | D:4      | Noticed Blork the orc
  3957 | D:4      | Killed Blork the orc
  3958 | D:4      | Reached skill level 6 in Axes
  4229 | D:4      | Noticed Menkaure
  4767 | D:4      | Lost mutation: You are partially covered in iridescent
                  | scales. (AC +2) [potion of mutation]
  4767 | D:4      | Lost mutation: You are dopey. (Int -2) [potion of mutation]
  4767 | D:4      | Gained mutation: Armour fits poorly on your strangely
                  | shaped body. [potion of mutation]
  4767 | D:4      | Gained mutation: You are dopey. (Int -2) [potion of
                  | mutation]
  4827 | D:4      | Found a runed translucent door.
  4828 | D:4      | Noticed Crazy Yiuf
  5071 | D:4      | Reached skill level 5 in Fighting
  5746 | D:5      | Entered Level 5 of the Dungeon
  6264 | D:5      | Found a staircase to the Ecumenical Temple.
  6286 | D:5      | Reached XP level 7. HP: 57/61 MP: 5/7
  6399 | D:5      | Noticed a wyvern
  6401 | D:5      | Reached * piety under Beogh
  6447 | D:5      | Reached skill level 5 in Armour
  6451 | D:5      | Killed a wyvern
  6452 | D:5      | Reached skill level 7 in Axes
  7200 | D:5      | Reached XP level 8. HP: 70/70 MP: 8/8
  7225 | D:5      | Reached skill level 8 in Axes
  7225 | D:5      | Reached skill level 1 in Dodging
  7225 | D:5      | Reached skill level 5 in Shields
  8900 | D:6      | Found an iron altar of Okawaru.
  9197 | D:6      | Reached skill level 9 in Axes
  9746 | D:7      | Slain by a gnoll

Illustrated notes

Levels and vault maps discovered:
D:1:      lightli_arrival_flooded_house, layout_rooms, minmay_misc_feat_square
D:2:      layout_loops_corners, serial_glass, glass_columns_c, glass_columns_a,
          shapermc_ecumenical_altar_petra, minmay_between
D:3:      layout_basic
D:4:      layout_cave_pods, minmay_lizard_king, uniq_blork_the_orc,
          uniq_menkaure, uniq_crazy_yiuf_cottage
D:5:      layout_gridville, minmay_temple_entry_arrows, minmay_chambers_of_fives
D:6:      layout_basic, okawaru_trees_1
D:7:      layout_gridville

Skill      XL: |  1  2  3  4  5  6  7  8 |
---------------+-------------------------+-----
Axes           | 3 4 5 6 7 9 |  9.2
Fighting       | 4 5 6 |  6.6
Armour         | 4 5 6 |  6.0
Shields        | 4 5 |  5.5
Dodging        | 1 |  1.7
Stealth        | |  0.3

Action                   |  1- 3 |  4- 6 |  7- 9 || total
-------------------------+-------+-------+-------++-------
Melee: War axe           |   109 |    89 |   164 ||   362
Invok: Convert to Beogh  |       |     1 |       ||     1
  Use: Potion            |     3 |    10 |     2 ||    15
       Scroll            |     2 |     3 |     8 ||    13
Armor: Scale mail        |    21 |       |       ||    21
       Chain mail        |    60 |    54 |   130 ||   244
Dodge: Dodged            |    33 |    38 |    52 ||   123
Block: Kite shield       |    54 |    44 |   110 ||   208

Table legend: (Time is in decaauts)
 A = Elapsed time spent in this place.
 B = Non-inter-level travel time spent in this place.
 C = Inter-level travel time spent in this place.
 D = Time resting spent in this place.
 E = Time spent auto-exploring this place.
 F = Levels seen in this place.
 G = Mean time per level.
                   A        B        C        D        E       F      G
               +--------+--------+--------+--------+--------+-----+--------+
         Total |   9860 |   9626 |    234 |   4432 |   3822 |   7 | 1408.6 |
       Dungeon |   9860 |   9626 |    234 |   4432 |   3822 |   7 | 1408.6 |
               +--------+--------+--------+--------+--------+-----+--------+

Top non-repeatable levels by time:
     D:5: 2307 daAuts
     D:2: 2050 daAuts
     D:4: 1890 daAuts
     D:6: 1720 daAuts
     D:3: 996 daAuts
     D:1: 881 daAuts
     D:7: 13 daAuts
